 Dungeon Crawl Stone Soup version 0.27-a0-1105-g946c659c87 (webtiles) character file.

Game seed: 10988490900604145285

67 OTABOTABOTAB the Shield-Bearer (level 4, -6/29 HPs)
             Began as a Gargoyle Fighter on Apr 29, 2021.
             Killed from afar by an orc wizard (9 damage)
             ... with a magic dart
             ... on level 2 of the Dungeon.
             The game lasted 00:01:49 (1265 turns).

OTABOTABOTAB the Shield-Bearer (Gargoyle Fighter)   Turns: 1265, Time: 00:01:50

Health: -6/29      AC: 12    Str: 25    XL:     4   Next: 16%
Magic:  4/4        EV:  6    Int:  9    God:
Gold:   77         SH: 10    Dex: 10    Spells: 3/3 levels left

rFire    . . .     SeeInvis .   a - +0 flail
rCold    . . .     Faith    .   c - +0 kite shield
rNeg     + . .     Spirit   .   i - +0 chain mail
rPois    ∞         Reflect  .   (no helmet)
rElec    +         Harm     .   (no cloak)
rCorr    .         Rampage  .   (no gloves)
Will     .....                  (no boots)
Stlth    ..........             (no amulet)
HPRegen  0.09/turn              f - +6 ring of strength
MPRegen  0.09/turn              (no ring)

@: no status effects
A: AC +3, negative energy resistance 1, electricity resistance, torment
resistance 1, unbreathing 1, petrification resistance
a: no special abilities


You were on level 2 of the Dungeon.
You visited 1 branch of the dungeon, and saw 2 of its levels.

You collected 77 gold pieces.

Inventory:

Hand Weapons
 a - a +0 flail (weapon)
Missiles
 e - 15 sling bullets
 h - 61 arrows
 s - 54 stones (quivered)
Armour
 c - a +0 kite shield (worn)
 i - a +0 chain mail (worn)
   (You found it on level 1 of the Dungeon)
Jewellery
 f - a +6 ring of strength (left hand)
   (You found it on level 1 of the Dungeon)
Scrolls
 g - a scroll of identify {unknown}
Potions
 d - a potion of resistance {unknown}
 M - a potion of might


   Skills:
 + Level 3.7 Fighting
 * Level 3.1 Maces & Flails
 + Level 3.7 Armour
 + Level 3.8 Shields


You had 3 spell levels left.
You didn't know any spells.
Your spell library contained the following spells:

 Spells                   Type           Power      Damage    Failure   Level
 Foxfire                  Conj/Fire      0%         2x1d4     100%        1
 Conjure Flame            Conj/Fire      0%         6-21      100%        3
 Inner Flame              Hex/Fire       0%         N/A       100%        3
 Sticky Flame             Conj/Fire      0%         2d3       100%        4
 Fireball                 Conj/Fire      0%         3d3       100%        5


Dungeon Overview and Level Annotations

Branches:
Dungeon (2/15)

Altars:
Cheibriados


Innate Abilities, Weirdness & Mutations

Your stone body is resilient. (AC +3)
You are immune to poison.
You resist negative energy. (rN+)
You are resistant to electric shocks. (rElec)
You are resistant to unholy torment.
You can survive without breathing.
You are immune to petrification.


Message History

The quokka bites you but does no damage.
The quokka bites you.
You take 3 damage, and have 20/23 hp.
You thump the quokka!
You kill the quokka!
Unknown command.
No target in view!
s - 49 stones (gained 1)
s - 51 stones (gained 2)
s - 53 stones (gained 2)
s - 54 stones (gained 1)
s - 55 stones (gained 1)
You pick up a book of Flames and begin reading...
You add the spells Foxfire, Conjure Flame, Inner Flame, Sticky Flame and Fireball to your library.
Health restored: 23
s - 56 stones (gained 1) 2 orcs come into view.
The orc shouts! x2; You hear a shout! x2
An orc comes into view. It is wielding a +0 hand axe.
An adder comes into view.
The orc moves out of view.
An orc wizard comes into view. It is wielding a +0 dagger.
There are monsters nearby!
You throw a stone. The stone closely misses the orc.
The adder hisses angrily.
The orc wizard shouts!
An orc priest comes into view. It is wielding a +0 hand axe.
You throw a stone. The stone closely misses the orc.
The orc hits you but does no damage. You block the adder's attack.
The adder bites you but does no damage. The orc hits you but does no damage.
The adder closely misses you.
You closely miss the orc priest. The adder bites you but does no damage.
You block the orc's attack. You block the orc priest's attack.
The orc hits you with a +0 mace. The adder bites you but does no damage.
The orc hits you but does no damage.
The orc priest hits you but does no damage.
You take 1 damage, and have 22/23 hp.
Your shield and chain mail prevent you from hitting the orc priest.
You block the adder's attack. The orc hits you but does no damage. x2
The orc priest hits you but does no damage.
You block the adder's attack. You block the orc's attack.
You hit the orc priest. You block the adder's attack.
The orc barely misses you.
The orc priest calls down the wrath of Beogh upon you.
Beogh smites you!
Ouch! That really hurt!
The orc wizard points at you and mumbles some strange words.
You resist with significant effort. The orc hits you but does no damage. x2
The adder closely misses you. The orc hits you but does no damage.
You take 12 damage, and have 10/23 hp.
MASSIVE DAMAGE!!
You thump the orc priest!
You kill the orc priest!
The adder bites you but does no damage. The orc hits you but does no damage.
The orc wizard hits you but does no damage.
The orc hits you but does no damage. You block the orc's attack.
The adder bites you but does no damage.
The orc wizard hits you but does no damage.
You block the orc's attack. x2
Your Maces & Flails skill increases to level 3!
You have reached level 4!
You feel clever.
You regained 2 hp, and now have 12/29 hp.
MP restored: 4 You hit the orc.
The adder bites you. The orc hits you with a +0 dagger.
You block the orc's attack.
The orc wizard hits you but does no damage.
The orc hits you but does no damage. You block the adder's attack.
The orc barely misses you.
You take 3 damage, and have 9/29 hp.
You block the orc wizard's attack.
A dart slug comes into view.
The orc wizard casts a spell at itself.
The orc wizard flickers and vanishes!
Deactivating autopickup; reactivate with Ctrl-A.
You thump the orc!
You kill the orc!
You hear some strange, mumbled words.
Something tries to affect you, but you resist.
You swing at nothing.
The orc hits you but does no damage.
You hit the orc but do no damage. You hit something.
Something hits you but does no damage.
You miss something.
Something hits you but does no damage. x2
You miss something.
You hear some strange, mumbled words.
A magic dart appears from out of thin air!
The magic dart hits you!
* * * LOW HITPOINT WARNING * * *
You take 8 damage, and have 3/29 hp.
MASSIVE DAMAGE!!
You miss something.
Something hits you but does no damage. x2
Your shield and chain mail prevent you from hitting something.
You block something's attack.
You miss something. Something hits you but does no damage.
You hear some strange, mumbled words.
Something tries to affect you, but you resist.
You barely miss something.
You hear some strange, mumbled words.
A magic dart appears from out of thin air!
The magic dart hits you!
You die...

#..._..#######..............#
#..................###..)...#
#..................#........#
#.###..............#...######
#.###..............#...#
#..................#...#
#####..............#...#
#######.########...########
#....@{o##..........#
#######S##..........#
#.w.o.........#
##.)............
#.............#
#..(.#........#
#....#####....# #....# #####
#....#


You could see an adder, a dart slug and an orc.

Vanquished Creatures
  An orc priest (D:2)
  An orc (D:2)
  4 endoplasms
  A giant cockroach (D:1)
  5 goblins (D:1)
  4 jackals (D:1)
  6 kobolds
  2 quokkas (D:2)
  3 ball pythons
  A bat (D:2)
  3 frilled lizards (D:1)
  5 rats (D:1)
36 creatures vanquished.

Vanquished Creatures (others)
  4 plants (D:1)
  5 toadstools (D:1)
9 creatures vanquished.

Grand Total: 45 creatures vanquished

Notes
Turn   | Place    | Note
-------+----------+-------------------------------------------
     0 | D:1      | OTABOTABOTAB the Gargoyle Fighter began the quest for the
                  | Orb.
     0 | D:1      | Reached XP level 1. HP: 14/14 MP: 1/1
    90 | D:1      | Reached XP level 2. HP: 17/19 MP: 2/2
   487 | D:1      | Reached XP level 3. HP: 21/23 MP: 3/3
  1031 | D:2      | Found a snail-covered altar of Cheibriados.
  1250 | D:2      | Reached skill level 3 in Maces & Flails
  1250 | D:2      | Reached XP level 4. HP: 12/29 MP: 4/4
  1261 | D:2      | HP: 3/29 [something/magic dart (8)]
  1265 | D:2      | Killed from afar by an orc wizard

Illustrated notes

Levels and vault maps discovered:
D:1:      ldierk_walled_garden, layout_loops_ring
D:2:      layout_basic, basic_altar, chequers_ecumenical_altar_simple_redux,
          kennysheep_generic_room_5

Skill      XL: |  1  2  3 |
---------------+----------+-----
Maces & Flails | 3 |  3.1
Fighting       | |  3.7
Armour         | |  3.7
Shields        | |  3.8

Action                   |  1- 3 |  4- 6 || total
-------------------------+-------+-------++-------
Melee: Flail             |   101 |    10 ||   111
Throw: Stone             |    66 |       ||    66
Armor: Scale mail        |    45 |       ||    45
       Chain mail        |    28 |     9 ||    37
Dodge: Dodged            |    24 |     1 ||    25
Block: Kite shield       |    52 |     4 ||    56

Table legend: (Time is in decaauts)
 A = Elapsed time spent in this place.
 B = Non-inter-level travel time spent in this place.
 C = Inter-level travel time spent in this place.
 D = Time resting spent in this place.
 E = Time spent auto-exploring this place.
 F = Levels seen in this place.
 G = Mean time per level.
                   A        B        C        D        E       F      G
               +--------+--------+--------+--------+--------+-----+--------+
         Total |   1349 |   1290 |     59 |      0 |    949 |   2 |  674.5 |
       Dungeon |   1349 |   1290 |     59 |      0 |    949 |   2 |  674.5 |
               +--------+--------+--------+--------+--------+-----+--------+

Top non-repeatable levels by time:
     D:1: 1061 daAuts
     D:2: 287 daAuts

Table legend:
 A = Kills in this place as a percentage of kills in entire the game.
 B = Kills by you in this place as a percentage of kills by you in the entire game.
 C = Kills by friends in this place as a percentage of kills by friends in the entire game.
 D = Other kills in this place as a percentage of other kills in the entire game.
 E = Experience gained in this place as a percentage of experience gained in the entire game.
 F = Experience gained in this place divided by the number of levels of this place that you have seen.
                   A       B       C       D       E      F
               +-------+-------+-------+-------+-------+----------------------
         Total | 100.0 | 100.0 |   N/A |   N/A | 100.0 |  48.0
       Dungeon | 100.0 | 100.0 |   N/A |   N/A | 100.0 |  48.0
               +-------+-------+-------+-------+-------+----------------------
